MWL (24 & UNDER)
BARRY'S BAY ORIOLES @ LEE'S SUMMIT TIGERS
04/16/2028
 
TOP OF THE 1ST
Barry's Bay Orioles batting - Pitching for Lee's Summit Tigers : LHP António Ruíz
Pitching: LHP António Ruíz
Batting: RHB Lee Scott 0-0: Ball
1-0: Ball
2-0: Called Strike
2-1: Foul Ball, location: 2F
2-2: Strikes out swinging
Batting: LHB Ryan Rheaume 0-0: Ball
1-0: Called Strike
1-1: Foul Ball, location: 2F
1-2: Strikes out swinging
Batting: SHB Emílio Calvillo 0-0: Ball
1-0: Ball
2-0: Ball
3-0: Base on Balls
Batting: RHB Lorenzo Silva 0-0: Ball
Emílio Calvillo steals 2nd base
1-0: Foul Ball, location: 2F
1-1: SINGLE (Groundball, 6) (infield hit)
Emílio Calvillo to third
Batting: RHB Jason Ward 0-0: Ball
1-0: Swinging Strike
1-1: Swinging Strike
1-2: Foul Ball, location: 2F
1-2: Ball
2-2: Ball
3-2: Foul Ball, location: 2F
3-2: Strikes out swinging
Top of the 1st over - 0 run(s), 1 hit(s), 0 error(s), 2 left on base; Barry's Bay 0 - Lee's Summit 0
BOTTOM OF THE 1ST
Lee's Summit Tigers batting - Pitching for Barry's Bay Orioles : RHP Artie Hall
Pitching: RHP Artie Hall
Batting: RHB Jesús Ramos 0-0: Ball
1-0: Called Strike
1-1: Called Strike
1-2: Ball
2-2: Foul Ball, location: 2F
2-2: Strikes out swinging, 2-3 out at first.
Batting: RHB Ricardo Velásquez 0-0: Called Strike
0-1: Ball
1-1: Ball
2-1: Foul Ball, location: 2F
2-2: Ball
3-2: Foul Ball, location: 2F
3-2: Fly out, F7 (Flyball, 78M)
Batting: RHB Javier Sánchez 0-0: Called Strike
0-1: Foul Ball, location: 2F
0-2: Ball
1-2: Ball
2-2: Ground out 4-3 (Groundball, 4)
Bottom of the 1st over - 0 run(s), 0 hit(s), 0 error(s), 0 left on base; Barry's Bay 0 - Lee's Summit 0
TOP OF THE 2ND
Barry's Bay Orioles batting - Pitching for Lee's Summit Tigers : LHP António Ruíz
Batting: RHB Guy Morrison 0-0: Ground out 5-3 (Groundball, 56S)
Batting: RHB Jake Erickson 0-0: Ball
1-0: Called Strike
1-1: Ground out 6-3 (Groundball, 6S)
Batting: RHB Bill Pike 0-0: Ball
1-0: Ball
2-0: Called Strike
2-1: DOUBLE (Flyball, 78D)
Batting: LHB Rodney Harrison 0-0: Called Strike
0-1: Ball
1-1: Ball
2-1: Foul Ball, location: 2F
2-2: Strikes out swinging
Top of the 2nd over - 0 run(s), 1 hit(s), 0 error(s), 1 left on base; Barry's Bay 0 - Lee's Summit 0
BOTTOM OF THE 2ND
Lee's Summit Tigers batting - Pitching for Barry's Bay Orioles : RHP Artie Hall
Batting: LHB Milo Powers 0-0: Ball
1-0: Fly out, F8 (Flyball, 8RM)
Batting: RHB Jorge Barbosa 0-0: Swinging Strike
0-1: Swinging Strike
0-2: Ball
1-2: Ball
2-2: Foul Ball, location: 2F
2-2: Strikes out swinging
Batting: LHB Al Miller 0-0: Ball
1-0: Foul Ball, location: 2F
1-1: SINGLE (Line Drive, 4D)
Batting: RHB Stan Taylor 0-0: SINGLE (Groundball, 56S) (infield hit)
Al Miller to second
Batting: LHB Dudley Cooper 0-0: Called Strike
0-1: Ball
1-1: Foul Ball, location: 2F
1-2: Foul Ball, location: 2F
1-2: Ball
2-2: Fly out, F1 (Line Drive, 13S)
Bottom of the 2nd over - 0 run(s), 2 hit(s), 0 error(s), 2 left on base; Barry's Bay 0 - Lee's Summit 0
TOP OF THE 3RD
Barry's Bay Orioles batting - Pitching for Lee's Summit Tigers : LHP António Ruíz
Batting: RHB Lee Scott 0-0: Fly out, F1 (Line Drive, 13)
Batting: LHB Ryan Rheaume 0-0: Called Strike
0-1: Foul Ball, location: 2F
0-2: Ball
1-2: Strikes out swinging
Batting: SHB Emílio Calvillo 0-0: Foul Ball, location: 2F
0-1: Foul Ball, location: 2F
0-2: SOLO HOME RUN (Flyball, 8RXD), Distance : 410 ft
Batting: RHB Lorenzo Silva 0-0: Called Strike
0-1: Ground out 3-1 (Groundball, 34)
Top of the 3rd over - 1 run(s), 1 hit(s), 0 error(s), 0 left on base; Barry's Bay 1 - Lee's Summit 0
BOTTOM OF THE 3RD
Lee's Summit Tigers batting - Pitching for Barry's Bay Orioles : RHP Artie Hall
Batting: RHB Valentín Saldaña 0-0: Called Strike
0-1: Ball
1-1: Swinging Strike
1-2: Foul Ball, location: 2F
1-2: Strikes out swinging, 2-3 out at first.
Batting: RHB Jesús Ramos 0-0: Ball
1-0: Foul Ball, location: 2F
1-1: Swinging Strike
1-2: Strikes out swinging
Batting: RHB Ricardo Velásquez 0-0: Ground out 6-3 (Groundball, 6)
Bottom of the 3rd over - 0 run(s), 0 hit(s), 0 error(s), 0 left on base; Barry's Bay 1 - Lee's Summit 0
TOP OF THE 4TH
Barry's Bay Orioles batting - Pitching for Lee's Summit Tigers : LHP António Ruíz
Batting: RHB Jason Ward 0-0: Ball
1-0: Fly out, F3 (Flyball, 3D)
Batting: RHB Guy Morrison 0-0: Ball
1-0: Swinging Strike
1-1: Ball
2-1: Ball
3-1: Foul Ball, location: 2F
3-2: Strikes out swinging
Batting: RHB Jake Erickson 0-0: Ball
1-0: Ball
2-0: Ball
3-0: Base on Balls
Batting: RHB Bill Pike 0-0: Called Strike
0-1: Fielders Choice at 2nd, 6-4 (Groundball, 6)
Top of the 4th over - 0 run(s), 0 hit(s), 0 error(s), 0 left on base; Barry's Bay 1 - Lee's Summit 0
BOTTOM OF THE 4TH
Lee's Summit Tigers batting - Pitching for Barry's Bay Orioles : RHP Artie Hall
Batting: RHB Javier Sánchez 0-0: Ball
1-0: SINGLE (Line Drive, 6MD)
Batting: LHB Milo Powers 0-0: Swinging Strike
0-1: Ball
1-1: Ball
2-1: Called Strike
2-2: Strikes out looking
Batting: RHB Jorge Barbosa 0-0: Called Strike
0-1: SINGLE (Flyball, 8LS)
Javier Sánchez to second
Batting: LHB Al Miller 0-0: Ball
1-0: Ball
2-0: Foul Ball, location: 2F
2-1: Ball
3-1: Called Strike
3-2: Strikes out swinging
Batting: RHB Stan Taylor 0-0: Foul Ball, location: 2F
0-1: Swinging Strike
0-2: Ball
1-2: Ball
2-2: Fly out, F9 (Flyball, 9LSF)
Bottom of the 4th over - 0 run(s), 2 hit(s), 0 error(s), 2 left on base; Barry's Bay 1 - Lee's Summit 0
TOP OF THE 5TH
Barry's Bay Orioles batting - Pitching for Lee's Summit Tigers : LHP António Ruíz
Batting: LHB Rodney Harrison 0-0: Ball
1-0: Fly out, F7 (Flyball, 7LSF)
Batting: RHB Lee Scott 0-0: Ball
1-0: Called Strike
1-1: Ball
2-1: Fly out, F9 (Flyball, 9LS)
Batting: LHB Ryan Rheaume 0-0: Ball
1-0: Called Strike
1-1: Ball
2-1: Foul Ball, location: 2F
2-2: SINGLE (Groundball, 56D)
Batting: SHB Emílio Calvillo 0-0: Ball
1-0: Called Strike
1-1: Ball
2-1: Ball
3-1: Foul Ball, location: 2F
3-2: Foul Ball, location: 2F
3-2: Foul Ball, location: 2F
3-2: Ground out 6-3 (Groundball, 6)
Top of the 5th over - 0 run(s), 1 hit(s), 0 error(s), 1 left on base; Barry's Bay 1 - Lee's Summit 0
BOTTOM OF THE 5TH
Lee's Summit Tigers batting - Pitching for Barry's Bay Orioles : RHP Artie Hall
Batting: LHB Dudley Cooper 0-0: SINGLE (Groundball, 3D)
Batting: RHB Valentín Saldaña 0-0: Fly out, F8 (Line Drive, 8RD)
Batting: RHB Jesús Ramos 0-0: Swinging Strike
0-1: Swinging Strike
0-2: Ball
1-2: Strikes out looking
Batting: RHB Ricardo Velásquez 0-0: Ball
1-0: Fly out, F9 (Flyball, 9LMF)
Bottom of the 5th over - 0 run(s), 1 hit(s), 0 error(s), 1 left on base; Barry's Bay 1 - Lee's Summit 0
TOP OF THE 6TH
Barry's Bay Orioles batting - Pitching for Lee's Summit Tigers : LHP António Ruíz
Batting: RHB Lorenzo Silva 0-0: Foul Ball, location: 2F
0-1: Swinging Strike
0-2: Ground out 5-3 (Groundball, 56)
Batting: RHB Jason Ward 0-0: Ground out 5-3 (Groundball, 5L)
Batting: RHB Guy Morrison 0-0: Ball
1-0: Called Strike
1-1: Foul Ball, location: 2F
1-2: Strikes out swinging
Top of the 6th over - 0 run(s), 0 hit(s), 0 error(s), 0 left on base; Barry's Bay 1 - Lee's Summit 0
BOTTOM OF THE 6TH
Lee's Summit Tigers batting - Pitching for Barry's Bay Orioles : RHP Artie Hall
Batting: RHB Javier Sánchez 0-0: Ball
1-0: Called Strike
1-1: Swinging Strike
1-2: Foul Ball, location: 2F
1-2: Foul Ball, location: 2F
1-2: Strikes out swinging
Batting: LHB Milo Powers 0-0: Called Strike
0-1: Ball
1-1: Ball
2-1: Called Strike
2-2: SINGLE (Groundball, 3D)
Pitching: LHP Roberto Galaz
Batting: RHB Jorge Barbosa 0-0: Grounds into double play, 6-4-3 (Groundball, 56)
Bottom of the 6th over - 0 run(s), 1 hit(s), 0 error(s), 0 left on base; Barry's Bay 1 - Lee's Summit 0
TOP OF THE 7TH
Barry's Bay Orioles batting - Pitching for Lee's Summit Tigers : LHP António Ruíz
Pitching: RHP Kirby Graham
Batting: RHB Jake Erickson 0-0: Ball
1-0: SINGLE (Groundball, 56D)
Batting: RHB Bill Pike 0-0: Bunted foul
0-1: Bunted foul
0-2: Strikes out swinging
Pitching: LHP Dave McCoy
Batting: LHB Rodney Harrison 0-0: Ball
Jake Erickson is caught stealing 2nd base
1-0: Foul Ball, location: 2F
1-1: Ground out U3 (Groundball, 34S)
Top of the 7th over - 0 run(s), 1 hit(s), 0 error(s), 0 left on base; Barry's Bay 1 - Lee's Summit 0
BOTTOM OF THE 7TH
Lee's Summit Tigers batting - Pitching for Barry's Bay Orioles : LHP Roberto Galaz
Batting: LHB Al Miller 0-0: Ball
1-0: Ball
2-0: Ball
3-0: Called Strike
3-1: Foul Ball, location: 2F
3-2: Strikes out swinging
Batting: RHB Stan Taylor 0-0: Called Strike
0-1: Ground out 6-3 (Groundball, 56)
Batting: LHB Dudley Cooper 0-0: Ball
1-0: Called Strike
1-1: DOUBLE (Line Drive, 8RXD)
Batting: RHB Valentín Saldaña 0-0: Ball
1-0: Ground out 4-3 (Groundball, 4)
Bottom of the 7th over - 0 run(s), 1 hit(s), 0 error(s), 1 left on base; Barry's Bay 1 - Lee's Summit 0
TOP OF THE 8TH
Barry's Bay Orioles batting - Pitching for Lee's Summit Tigers : LHP Dave McCoy
Batting: RHB Lee Scott 0-0: Ball
1-0: Fly out, F9 (Flyball, 9)
Pitching: RHP Mike Spencer
Batting: LHB Ryan Rheaume 0-0: Ground out 6-3 (Groundball, 56)
Batting: SHB Emílio Calvillo 0-0: Ball
1-0: Ball
2-0: Ground out 6-3 (Groundball, 6)
Top of the 8th over - 0 run(s), 0 hit(s), 0 error(s), 0 left on base; Barry's Bay 1 - Lee's Summit 0
BOTTOM OF THE 8TH
Lee's Summit Tigers batting - Pitching for Barry's Bay Orioles : LHP Roberto Galaz
Pitching: RHP Carl Jones
Batting: RHB Jesús Ramos 0-0: Ball
1-0: Called Strike
1-1: TRIPLE (Line Drive, 78M)
Batting: RHB Ricardo Velásquez 0-0: Ball
1-0: Ball
2-0: Ball
3-0: Base on Balls
Batting: RHB Javier Sánchez 0-0: Ball
1-0: Ball
2-0: Foul Ball, location: 2F
2-1: Foul Ball, location: 2F
2-2: Foul Ball, location: 2F
2-2: Strikes out swinging
Batting: LHB Milo Powers 0-0: Ball
1-0: Foul Ball, location: 2F
1-1: Grounds into double play, 1-4-3 (Groundball, 15)
Bottom of the 8th over - 0 run(s), 1 hit(s), 0 error(s), 1 left on base; Barry's Bay 1 - Lee's Summit 0
TOP OF THE 9TH
Barry's Bay Orioles batting - Pitching for Lee's Summit Tigers : RHP Mike Spencer
Pitching: RHP Patrick Singleton
Batting: RHB Lorenzo Silva 0-0: Called Strike
0-1: Swinging Strike
0-2: Strikes out looking
Batting: RHB Jason Ward 0-0: Ball
1-0: Ball
2-0: Ball
3-0: Called Strike
3-1: Foul Ball, location: 2F
3-2: Base on Balls
Batting: RHB Guy Morrison 0-0: Called Strike
0-1: SINGLE (Groundball, 6MD)
Jason Ward to second
Runner from 2nd tries for 3rd, SAFE, no throw
Pinch Hitting: RHB Juan Morales 0-0: Called Strike
0-1: Ball
1-1: Ball
2-1: Foul Ball, location: 2F
2-2: Foul Ball, location: 2F
2-2: Ball
Wild Pitch!
Jason Ward scores
Guy Morrison to second
3-2: Intentional Walk
Batting: RHB Bill Pike 0-0: Called Strike
0-1: Called Strike
0-2: Strikes out swinging
Pinch Hitting: SHB Garrett Waller 0-0: Foul Ball, location: 2F
0-1: Ball
1-1: Swinging Strike
1-2: Ball
2-2: Strikes out swinging
Top of the 9th over - 1 run(s), 1 hit(s), 0 error(s), 2 left on base; Barry's Bay 2 - Lee's Summit 0
BOTTOM OF THE 9TH
Lee's Summit Tigers batting - Pitching for Barry's Bay Orioles : RHP Carl Jones
Pitching: RHP Richard Manley
Now at 1B: Ignacio Rabelo
Now at 3B: Manny Gutiérrez
Batting: RHB Jorge Barbosa 0-0: Fly out, F6 (Line Drive, 6)
Batting: LHB Al Miller 0-0: Ground out 6-3 (Groundball, 6)
Batting: RHB Stan Taylor 0-0: Called Strike
0-1: Ball
1-1: Foul Ball, location: 2F
1-2: Ball
2-2: Ball
3-2: Foul Ball, location: 2F
3-2: Strikes out looking
Bottom of the 9th over - 0 run(s), 0 hit(s), 0 error(s), 0 left on base; Barry's Bay 2 - Lee's Summit 0
Tuesday, August 8th, 2017 - OOTP Baseball 17.12 Build 75